General information
- name: BNet
- type: Ladder team game (AT/RT)
- host: Battle.net
- saver: Noinu
map: Avalanche
- players: 4
- length: 14:50
- speed: Fast
- version: 1.21 W3XP
- replay type: Public
» download(64 KB)
Players
team 1 (winner)
Noinu (
pink | 44 APM | 654 actions | 14:50)
2 Blademaster
1 Wind Walk
1 Critical Strike
» actions
| Assign group hotkey | 11 | |
| Basic commands | 48 | |
| Build / train | 37 | |
| Enter build submenu | 21 | |
| Enter hero's abilities submenu | 2 | |
| Right click | 118 | |
| Select / deselect | 149 | |
| Select group hotkey | 220 | |
| Use ability | 48 | |
654 total
» units
» upgrades
| Spiked Barricades | 1 | |
| Ranged Weapons | 2 | |
| Liquid Fire | 1 | |
4 total
» buildings
| Altar of Storms | 1 | |
| Orc Burrow | 4 | |
| War Mill | 1 | |
| Watch Tower | 12 | |
| Stronghold | 1 | |
| Voodoo Lounge | 1 | |
| Beastiary | 2 | |
| Fortress | 1 | |
23 total
» build order
00:04 Altar of Storms
00:05 Orc Burrow
00:57 War Mill
02:27 Watch Tower
02:28 Watch Tower
02:30 Watch Tower
03:45 Watch Tower
03:52 Orc Burrow
04:03 Watch Tower
04:23 Stronghold
05:50 Voodoo Lounge
05:53 Watch Tower
05:58 Watch Tower
07:02 Beastiary
07:08 Beastiary
07:28 Orc Burrow
07:33 Watch Tower
08:16 Orc Burrow
08:21 Fortress
08:53 Watch Tower
11:18 Watch Tower
12:26 Watch Tower
13:35 Watch Tower
» items
PistophChrstoph (
green | 58 APM | 858 actions | 14:49)
3 Blademaster
2 Wind Walk
1 Critical Strike
» actions
| Assign group hotkey | 8 | |
| Basic commands | 108 | |
| Build / train | 31 | |
| ESC pressed | 10 | |
| Enter build submenu | 51 | |
| Enter hero's abilities submenu | 3 | |
| Right click | 317 | |
| Select / deselect | 237 | |
| Select group hotkey | 7 | |
| Use ability | 86 | |
858 total
» units
» upgrades
» buildings
| Orc Burrow | 5 | |
| Altar of Storms | 1 | |
| War Mill | 1 | |
| Watch Tower | 34 | |
| Voodoo Lounge | 2 | |
| Stronghold | 1 | |
| Fortress | 2 | |
| Beastiary | 5 | |
51 total
» build order
00:10 Orc Burrow
00:22 Altar of Storms
01:02 War Mill
01:27 Orc Burrow
02:19 Watch Tower
02:22 Watch Tower
02:35 Watch Tower
02:51 Voodoo Lounge
03:20 Watch Tower
03:24 Watch Tower
04:42 Stronghold
05:35 Watch Tower
05:39 Watch Tower
06:11 Watch Tower
06:14 Orc Burrow
06:49 Watch Tower
06:50 Orc Burrow
07:28 Orc Burrow
07:33 Watch Tower
07:35 Watch Tower
07:40 Watch Tower
07:42 Watch Tower
07:45 Watch Tower
07:49 Fortress
07:56 Beastiary
07:57 Beastiary
08:00 Beastiary
09:28 Watch Tower
09:32 Watch Tower
09:38 Watch Tower
09:41 Watch Tower
10:00 Watch Tower
10:03 Watch Tower
10:07 Watch Tower
10:08 Watch Tower
10:11 Watch Tower
10:32 Voodoo Lounge
11:06 Watch Tower
11:08 Watch Tower
11:10 Watch Tower
11:59 Watch Tower
12:04 Beastiary
12:12 Watch Tower
12:27 Fortress
12:53 Watch Tower
12:54 Watch Tower
13:03 Watch Tower
13:06 Watch Tower
13:26 Watch Tower
14:27 Watch Tower
14:31 Beastiary
» items
| Healing Salve | 1 | |
| Lesser Clarity Potion | 2 | |
3 total
team 2 (loser)
Deli_boi (
purple | 72 APM | 1052 actions | 14:34)
3 Death Knight
1 Death Coil
2 Unholy Aura
2 Dark Ranger
1 Black Arrow
1 Silence
» actions
| Basic commands | 137 | |
| Build / train | 50 | |
| Enter build submenu | 11 | |
| Enter hero's abilities submenu | 5 | |
| Give item / drop item | 2 | |
| Remove unit from queue | 2 | |
| Right click | 488 | |
| Select / deselect | 313 | |
| Use ability | 44 | |
1052 total
» units
| Acolyte | 2 | |
| Ghoul | 1 | |
| Crypt Fiend | 9 | |
| Obsidian Statue | 2 | |
14 total
» upgrades
| Creature Attack | 1 | |
| Web | 1 | |
| Burrow | 1 | |
3 total
» buildings
| Crypt | 1 | |
| Graveyard | 1 | |
| Altar of Darkness | 1 | |
| Ziggurat | 4 | |
| Tomb of Relics | 1 | |
| Nerubian Tower | 1 | |
| Halls of the Dead | 3 | |
| Slaughterhouse | 1 | |
| Black Citadel | 1 | |
| Spirit Tower | 3 | |
17 total
» build order
00:09 Crypt
00:23 Graveyard
00:42 Altar of Darkness
00:56 Ziggurat
01:37 Ziggurat
02:21 Tomb of Relics
03:50 Nerubian Tower
04:41 Halls of the Dead
04:41 Halls of the Dead
04:41 Halls of the Dead
06:29 Ziggurat
09:31 Slaughterhouse
10:22 Ziggurat
13:23 Black Citadel
13:25 Spirit Tower
13:27 Spirit Tower
13:28 Spirit Tower
» items
| Rod of Necromancy | 3 | |
| Dust of Appearance | 3 | |
| Potion of Healing | 3 | |
| Scroll of Town Portal | 3 | |
| Potion of Mana | 2 | |
14 total
RandomMonkey (
orange | 80 APM | 1184 actions | 14:48)
3 Demon Hunter
2 Mana Burn
1 Evasion
1 Priestess of the Moon
1 Trueshot Aura
» actions
| Assign group hotkey | 32 | |
| Basic commands | 2 | |
| Build / train | 44 | |
| ESC pressed | 2 | |
| Enter build submenu | 17 | |
| Enter hero's abilities submenu | 4 | |
| Remove unit from queue | 1 | |
| Right click | 476 | |
| Select / deselect | 132 | |
| Select group hotkey | 447 | |
| Use ability | 27 | |
1184 total
» units
| Wisp | 15 | |
| Huntress | 11 | |
| Dryad | 2 | |
| Mountain Giant | 2 | |
30 total
» upgrades
| Upgrade Moon Glaive | 1 | |
| Abolish Magic | 1 | |
| Hardened Skin | 1 | |
| Resistant Skin | 0 | |
3 total
» buildings
| Altar of Elders | 1 | |
| Moon Well | 5 | |
| Hunter's Hall | 1 | |
| Ancient of War | 1 | |
| Tree of Ages | 1 | |
| Ancient of Wonders | 1 | |
| Ancient Protector | 2 | |
| Ancient of Lore | 1 | |
| Tree of Eternity | 1 | |
14 total
» build order
00:14 Altar of Elders
00:26 Moon Well
01:50 Hunter's Hall
01:57 Ancient of War
02:26 Moon Well
03:36 Moon Well
03:51 Tree of Ages
03:56 Ancient of Wonders
04:18 Ancient Protector
07:44 Ancient of Lore
07:47 Tree of Eternity
09:38 Moon Well
10:38 Moon Well
13:12 Ancient Protector
» items
| Scroll of Town Portal | 1 | |
| Moonstone | 1 | |
2 total
Chat log
(01:38 / All) Noinu: that was a thorrough look over
(01:48 / All) Noinu: I feel violated
(14:37 / All) Noinu: LOL BYE